 Dungeon Crawl Stone Soup version 0.31-a0-229-g1fc7ce93e2 (webtiles) character file.

Game seed: 15996149596073765652

798 ragingrage the Caller (level 7, -1/70 HPs)
             Began as an Octopode Reaver on July 6, 2023.
             Killed from afar by an orc wizard (3 damage)
             ... with a puff of flame
             ... on level 5 of the Dungeon.
             The game lasted 00:07:09 (4734 turns).

ragingrage the Caller (Octopode Reaver)             Turns: 4734, Time: 00:07:10

Health: -1/70      AC: 23    Str: 10    XL:     7   Next: 89%
Magic:  10/10      EV:  2    Int: 23    God:
Gold:   203        SH:  0    Dex: 14    Spells: 0/10 levels left

rFire   . . .        a - +0 falchion
rCold   . . .        (no shield)
rNeg    . . .        (helmet currently unavailable)
rPois   +            (no amulet)
rElec   .            f - +6 ring of intelligence
rCorr   .            q - ring of willpower
SInv    .            v - ring of poison resistance
Will    +....        (no ring)
Stlth   ++           (no ring)
HPRegen 0.31/turn    (no ring)
MPRegen 0.12/turn    (no ring)
                     (no ring)

%: random rage (3%)
@: tree-form
A: stationary, stasis, torment immunity, boosted hp, almost no armour,
(amphibious), 8 rings, (camouflage 1), (gelatinous body 1), (nimble swimmer 1),
(tentacles), agile 1, berserk 1, wild magic 1
a: no special abilities


You were on level 5 of the Dungeon.
You were a tree.
You visited 1 branch of the dungeon, and saw 6 of its levels.

You collected 203 gold pieces.

Inventory:

Hand Weapons
 a - a +0 falchion (weapon)
 b - a +0 dagger
Missiles
 p - 2 throwing nets
 u - 7 poisoned darts
Magical Staves
 e - a staff of earth
Jewellery
 f - a +6 ring of intelligence (left branch)
 q - a ring of willpower (right branch)
 v - a ring of poison resistance (on tentacle)
Wands
 n - a wand of iceblast (15)
Scrolls
 c - 2 scrolls of teleportation
 d - a scroll of revelation {unknown}
 g - a scroll of poison {unknown}
 h - 3 scrolls of identify {unknown}
 i - a scroll of butterflies {unknown}
 j - 2 scrolls of enchant weapon {unknown}
 o - a scroll of noise {unknown}
 r - a scroll of vulnerability {unknown}
 t - a scroll of fear {unknown}


   Skills:
 + Level 3.9 Fighting
 - Level 2.6(3.6) Short Blades
 - Level 3.8(4.2) Long Blades
 - Level 2.0 Dodging
 - Level 3.0 Stealth
 - Level 2.0 Spellcasting
 - Level 3.0 Conjurations
 - Level 4.0 Hexes
 + Level 4.5 Summonings


You couldn't memorise any spells.
You knew the following spells:

 Your Spells              Type           Power      Damage    Failure   Level
a - Call Canine Familiar  Summ           30%        N/A       10%         3
b - Kiss of Death         Conj/Necr      44%        2d8       11%         1
c - Summon Guardian Gole  Hex/Summ       28%        N/A       11%         3
d - Confusing Touch       Hex            26%        N/A       12%         3

Your spell library contained the following spells:

 Spells                   Type           Power      Damage    Failure   Level
 Summon Small Mammal      Summ           100%       N/A       3%          1
 Call Imp                 Summ           60%        N/A       5%          2
 Magic Dart               Conj           80%        1d7       6%          1
 Momentum Strike          Conj/Tloc      22%        3d8       16%         2
 Apportation              Tloc           4%         N/A       19%         1
 Necrotise                Necr           8%         1d4       19%         1
 Hailstorm                Conj/Ice       11%        3d5       28%         3
 Mephitic Cloud           Conj/Pois/Air  8%         N/A       34%         3
 Dispel Undead            Necr           2%         3d7       83%         4


Dungeon Overview and Level Annotations

Branches:
Dungeon (6/15)
 Temple: D:4-7

Altars:
Ashenzari
The Shining One


Innate Abilities, Weirdness & Mutations

You are a tree.
Your roots penetrate the ground, keeping you stationary.
You cannot be teleported.
You are immune to unholy pain and torment.
Your maximum health is greatly increased.
You cannot wear most types of armour.
((You are amphibious.))
You can wear up to eight rings at the same time.
((Your skin changes colour to match your surroundings (Stealth+).))
((Your rubbery body absorbs attacks. (AC +1, EV +1)))
((You are camouflaged when in or above water. (Stealth+)))
((You have tentacles for arms and can constrict up to eight enemies at once.))
You are agile. (Dex +4, Str/Int -1)
You sometimes lose your temper in combat.
Your spells are a little harder to cast, but a little more powerful.


Message History

Reactivating autopickup.
You feel a bit more experienced. Something hits you.
Deactivating autopickup; reactivate with Ctrl-A.
Your hound bites something but does no damage.
You hear some strange, mumbled words.
A puff of flame appears from out of thin air!
The puff of flame hits you.
* * * LOW HITPOINT WARNING * * *
Your hound misses something.
Things that are here:
a +0 dagger; a +0 robe You barely miss something.
Your hound barely misses something.
Something hits you.
* * * LOW HITPOINT WARNING * * *
Your hound bites something but does no damage.
You closely miss something. Your squeeze misses something. Something hits you.
* * * LOW HITPOINT WARNING * * *
Your hound bites something but does no damage.
Something barely misses you.
You feel better.
Your hound bites something.
Your hound bites something but does no damage.
Something barely misses you.
It was a potion of mutation.
You feel extremely strange.
You feel a little pissed off.
You feel less in control of your magic.
You feel agile.
Your hound misses something. Something hits you.
* * * LOW HITPOINT WARNING * * *
It was a potion of lignification.
You turn into a tree.
Your roots penetrate the ground.
Your hound barely misses something. x2
You hear some strange, mumbled words.
A puff of flame appears from out of thin air!
The puff of flame hits you!
* * * LOW HITPOINT WARNING * * *
Unknown command.
It was a potion of magic.
Magic courses through your body.
Your hound barely misses something.
You hear some strange, mumbled words.
A puff of flame appears from out of thin air!
The puff of flame hits you.
You die...

#......)..............# ##.....
##...............###.## ##.....
#...#.#..........###.######......
....##...........##...##.#.>....#
..............................###
..............................# .
...##.#.......................###
.. ...........)){...............#
. ...#........)h♣.#..............
#...##...........#...........#..
##. #...........##..........#..
##.......)..............#.#
#.#####..##.#......†....< #.
..######........... #..#
#........... .... #...........
.o... .............


You could see a friendly hound (summoned).

Vanquished Creatures
  3 hounds
  Natasha (D:3)
  2 orc wizards (D:3)
  2 iguanas (D:4)
  17 gnolls
  5 adders
  3 worms
  3 dart slugs (D:1)
  25 orcs
  9 endoplasms
  4 giant cockroaches
  7 hobgoblins
  16 jackals
  7 quokkas
  8 ball pythons
  8 bats
  3 frilled lizards
  9 goblins
  3 kobolds
  4 rats
139 creatures vanquished.

Vanquished Creatures (collateral kills)
  A phantom (D:5)
  An iguana (D:4)
  An orc wizard (D:5)
  3 gnolls
  An adder (D:5)
  A shadow imp (D:5)
  A white imp (D:5)
  6 orcs
  A ball python (D:4)
  A hobgoblin (D:4)
  A goblin (D:4)
  A kobold (D:4)
19 creatures vanquished.

Grand Total: 158 creatures vanquished

Notes
Turn   | Place    | Note
-------+----------+-------------------------------------------
     0 | D:1      | ragingrage the Octopode Reaver began the quest for the Orb.
     0 | D:1      | Reached XP level 1. HP: 14/14 MP: 3/3
   102 | D:1      | Reached XP level 2. HP: 16/19 MP: 5/5
   211 | D:1      | Noticed a floating eye
   219 | D:1      | Noticed an eye of devastation
   221 | D:1      | Found a faded altar of an unknown god.
   223 | D:1      | Noticed a floating eye
   223 | D:1      | Noticed a great orb of eyes
   244 | D:1      | Reached skill level 1 in Stealth
   311 | D:1      | Reached XP level 3. HP: 20/24 MP: 6/6
   315 | D:1      | Learned a level 3 spell: Confusing Touch
   651 | D:2      | Found a broken altar of Ashenzari.
   710 | D:2      | Reached skill level 1 in Short Blades
   710 | D:2      | Reached skill level 1 in Hexes
   710 | D:2      | Reached XP level 4. HP: 16/29 MP: 4/7
  1214 | D:2      | Learned a level 3 spell: Summon Guardian Golem
  1505 | D:2      | Reached XP level 5. HP: 23/30 MP: 8/8
  1827 | D:3      | Reached skill level 1 in Summonings
  2287 | D:3      | Reached XP level 6. HP: 27/39 MP: 9/9
  2546 | D:3      | Noticed Natasha
  2551 | D:3      | Killed Natasha
  3375 | D:3      | Reached XP level 7. HP: 38/45 MP: 10/10
  3556 | D:3      | Learned a level 3 spell: Call Canine Familiar
  3681 | D:3      | Noticed a nameless horror
  4064 | D:4      | Found a glowing golden altar of the Shining One.
  4246 | D:4      | You fall into a shaft and drop 2 floors!
  4279 | D:5      | Entered Level 5 of the Dungeon
  4732 | D:5      | Gained mutation: You sometimes lose your temper in combat.
                  | [potion of mutation]
  4732 | D:5      | Gained mutation: Your spells are a little harder to cast,
                  | but a little more powerful. [potion of mutation]
  4732 | D:5      | Gained mutation: You are agile. (Dex +4, Str/Int -1)
                  | [potion of mutation]
  4733 | D:5      | HP: 2/70 [something/puff of flame (8)]
  4734 | D:5      | Killed from afar by an orc wizard

Illustrated notes

Levels and vault maps discovered:
D:1:      scummos_arrival_simple_fountains, layout_loops_ring,
          hellmonk_ecumenical_altar_watching_god, minivault_26
D:2:      minmay_skewed_foursquare, layout_basic, basic_altar
D:3:      lemuel_castle_with_subvaults [lemuel_castle_interior_carwin_1],
          layout_loops_corners, uniq_natasha
D:4:      layout_loops_ring, mainiacjoe_overflow_24_doors,
          nicolae_tso_carved_into_rock, minmay_temple_entry_trees
D:5:      layout_cave_pools, palyth_temple_overflow_mages, serial_shops, shop,
          uniq_sigmund
D:6:      layout_cave_pools, overflow_temple_1_default, serial_bayou,
          serial_bayou_crossing, serial_bayou_shore_a, serial_bayou_pond_d,
          serial_bayou_pond_c

Skill      XL: |  1  2  3  4  5  6  7 |
---------------+----------------------+-----
Stealth        | 1 2 3 |  3.0
Short Blades   | 1 2 |  2.6
Hexes          | 1 2 3 4 |  4.0
Summonings     | 1 3 4 |  4.5
Fighting       | 3 |  3.9
Long Blades    | |  3.8
Dodging        | |  2.0
Spellcasting   | |  2.0
Conjurations   | |  3.0

Action                     |  1- 3 |  4- 6 |  7- 9 || total
---------------------------+-------+-------+-------++-------
  Melee: Falchion          |    38 |    28 |    83 ||   149
         Tentacles         |    19 |    63 |    23 ||   105
         Constrict         |    10 |    60 |    19 ||    89
         Dagger            |    30 |   216 |     5 ||   251
         Punch             |       |     5 |     2 ||     7
   Cast: Confusing Touch   |       |     2 |       ||     2
         Kiss of Death     |       |     1 |       ||     1
         Call Canine Famil |       |       |    14 ||    14
    Use: Potion            |       |     2 |     4 ||     6
         Scroll            |       |       |     1 ||     1
   Stab: Sleeping          |     8 |     9 |     4 ||    21
 Armour: Skin              |     7 |    16 |     4 ||    27
  Dodge: Dodged            |    40 |   128 |    45 ||   213

Table legend: (Time is in decaauts)
 A = Elapsed time spent in this place.
 B = Non-inter-level travel time spent in this place.
 C = Inter-level travel time spent in this place.
 D = Time resting spent in this place.
 E = Time spent auto-exploring this place.
 F = Levels seen in this place.
 G = Mean time per level.
                   A        B        C        D        E       F      G
               +--------+--------+--------+--------+--------+-----+--------+
         Total |   4704 |   4569 |    135 |    987 |   2229 |   6 |  784.0 |
       Dungeon |   4704 |   4569 |    135 |    987 |   2229 |   6 |  784.0 |
               +--------+--------+--------+--------+--------+-----+--------+

Top non-repeatable levels by time:
     D:3: 1711 daAuts
     D:2: 1353 daAuts
     D:1: 653 daAuts
     D:4: 566 daAuts
     D:5: 386 daAuts
     D:6: 32 daAuts
